| TOP OF THE 1ST |
|
University of Miami Hurricanes batting - Pitching for University of Florida Gators : LHP Alexander Collins
|
|
Pitching: LHP Alexander Collins
|
|
|
Batting: LHB Hector Salazar
|
0-0: Called Strike 0-1: Called Strike 0-2: Foul Ball, location: 2F 0-2: Ground out 4-3 (Groundball, 4, EV 86.9 MPH)
|
|
Batting: RHB Danny Gallardo
|
0-0: Foul Ball, location: 2F 0-1: Foul Ball, location: 2F 0-2: Foul Ball, location: 2F 0-2: Ball 1-2: Ball 2-2: Foul Ball, location: 2F 2-2: Ball 3-2: Ground out 4-3 (Groundball, 4MD, EV 101.9 MPH)
|
|
Batting: RHB Burke Miller
|
0-0: Foul Ball, location: 2F 0-1: Ball 1-1: SINGLE (Groundball, 4M, EV 102.5 MPH) (infield hit)
|
|
Batting: RHB Chris Zubia
|
0-0: Ball 1-0: Foul Ball, location: 2F 1-1: Foul Ball, location: 2F 1-2: Ball 2-2: Strikes out swinging
|
| Top of the 1st over - 0 runs, 1 hit, 0 errors, 1 left on base; University of Miami 0 - University of Florida 0 |
| BOTTOM OF THE 1ST |
|
University of Florida Gators batting - Pitching for University of Miami Hurricanes : RHP Javier Valverde
|
|
Pitching: RHP Javier Valverde
|
|
|
Batting: RHB Marco Morales
|
0-0: Foul Ball, location: 2F 0-1: Ball 1-1: Ball 2-1: Ball 3-1: Called Strike 3-2: Strikes out swinging
|
|
Batting: RHB Gong-sun Law
|
0-0: Ball 1-0: Ball 2-0: Called Strike 2-1: Ball 3-1: Swinging Strike 3-2: Ground out 5-3 (Groundball, 56S, EV 91.9 MPH)
|
|
Batting: SHB Nelson Carachure
|
0-0: Called Strike 0-1: Ball 1-1: Ball 2-1: Swinging Strike 2-2: Foul Ball, location: 2F 2-2: Strikes out swinging
|
| Bottom of the 1st over - 0 runs, 0 hits, 0 errors, 0 left on base; University of Miami 0 - University of Florida 0 |
| TOP OF THE 2ND |
|
University of Miami Hurricanes batting - Pitching for University of Florida Gators : LHP Alexander Collins
|
|
Batting: RHB Christian Leschak
|
0-0: Called Strike 0-1: Ball 1-1: Called Strike 1-2: Foul Ball, location: 2F 1-2: Ball 2-2: Foul Ball, location: 2F 2-2: Ball 3-2: Strikes out looking
|
|
Batting: SHB Taylor Shelton
|
0-0: Called Strike 0-1: Swinging Strike 0-2: Ball 1-2: Foul Ball, location: 2F 1-2: Ball 2-2: Ball 3-2: Fly out, F8 (Flyball, 78D, EV 87.5 MPH)
|
|
Batting: RHB Alberto Arellano
|
0-0: Called Strike 0-1: SINGLE (Groundball, 56D, EV 99.4 MPH)
|
|
Batting: LHB Addergoole Kartosuwiryo
|
0-0: Called Strike 0-1: DOUBLE (Line Drive, 5D, EV 103.1 MPH) Alberto Arellano to third
|
|
Batting: RHB Mark Kerr
|
0-0: Swinging Strike 0-1: Foul Ball, location: 2F 0-2: Ball 1-2: Foul Ball, location: 2F 1-2: Foul Ball, location: 2F 1-2: Ground out 6-3 (Groundball, 6, EV 85.0 MPH)
|
| Top of the 2nd over - 0 runs, 2 hits, 0 errors, 2 left on base; University of Miami 0 - University of Florida 0 |
| BOTTOM OF THE 2ND |
|
University of Florida Gators batting - Pitching for University of Miami Hurricanes : RHP Javier Valverde
|
|
Batting: RHB Luis Cabera
|
0-0: SINGLE (Groundball, 34D, EV 106.2 MPH) (infield hit)
|
|
Batting: SHB Pat Justice
|
0-0: Swinging Strike 0-1: Foul Ball, location: 2F 0-2: Strikes out looking
|
|
Batting: RHB Danny Cisneros
|
0-0: Foul Ball, location: 2F 0-1: Ball Luis Cabera steals 2nd base 1-1: Foul Ball, location: 2F 1-2: Foul Ball, location: 2F 1-2: Ball Wild Pitch! Luis Cabera to third 2-2: Foul Ball, location: 2F 2-2: Fly out, F4 (Line Drive, 4M, EV 74.4 MPH)
|
|
Now at 2B: Drew Morgenstern
|
|
|
Batting: LHB Jose Garcia
|
0-0: Called Strike 0-1: Foul Ball, location: 2F 0-2: Strikes out looking
|
| Bottom of the 2nd over - 0 runs, 1 hit, 0 errors, 1 left on base; University of Miami 0 - University of Florida 0 |
| TOP OF THE 3RD |
|
University of Miami Hurricanes batting - Pitching for University of Florida Gators : LHP Alexander Collins
|
|
Batting: LHB Hector Salazar
|
0-0: Foul Ball, location: 2F 0-1: Ground out U3 (Groundball, 23, EV 78.8 MPH)
|
|
Batting: RHB Danny Gallardo
|
0-0: Ball 1-0: Fly out, F8 (Flyball, 8RD, EV 83.1 MPH)
|
|
Batting: RHB Burke Miller
|
0-0: Called Strike 0-1: Foul Ball, location: 2F 0-2: Ball 1-2: Ground out 6-3 (Groundball, 6S, EV 66.2 MPH)
|
| Top of the 3rd over - 0 runs, 0 hits, 0 errors, 0 left on base; University of Miami 0 - University of Florida 0 |
| BOTTOM OF THE 3RD |
|
University of Florida Gators batting - Pitching for University of Miami Hurricanes : RHP Javier Valverde
|
|
Batting: RHB Juan Lopez
|
0-0: Ball 1-0: Foul Ball, location: 2F 1-1: SINGLE (Flyball, 78S, EV 88.8 MPH)
|
|
Batting: LHB Juan Cadavid
|
0-0: Called Strike 0-1: Called Strike 0-2: Strikes out swinging
|
|
Batting: RHB Marco Morales
|
0-0: Ball 1-0: Ball 2-0: Foul Ball, location: 2F 2-1: Foul Ball, location: 2F 2-2: Fly out, F9 (Flyball, 9S, EV 79.4 MPH)
|
|
Batting: RHB Gong-sun Law
|
0-0: Foul Ball, location: 2F 0-1: Ball Wild Pitch! Juan Lopez to second 1-1: Ball 2-1: Ball 3-1: Ground out 4-3 (Groundball, 4, EV 78.8 MPH)
|
| Bottom of the 3rd over - 0 runs, 1 hit, 0 errors, 1 left on base; University of Miami 0 - University of Florida 0 |
| TOP OF THE 4TH |
|
University of Miami Hurricanes batting - Pitching for University of Florida Gators : LHP Alexander Collins
|
|
Batting: RHB Chris Zubia
|
0-0: Foul Ball, location: 2F 0-1: Foul Ball, location: 2F 0-2: Ball 1-2: Ball 2-2: Ground out U3 (Groundball, 34S, EV 86.9 MPH)
|
|
Batting: RHB Christian Leschak
|
0-0: Ball 1-0: Called Strike 1-1: Fly out, F8 (Flyball, 78M, EV 84.4 MPH)
|
|
Batting: RHB Drew Morgenstern
|
0-0: Foul Ball, location: 2F 0-1: Ball 1-1: Swinging Strike 1-2: Strikes out looking
|
| Top of the 4th over - 0 runs, 0 hits, 0 errors, 0 left on base; University of Miami 0 - University of Florida 0 |
| BOTTOM OF THE 4TH |
|
University of Florida Gators batting - Pitching for University of Miami Hurricanes : RHP Javier Valverde
|
|
Batting: SHB Nelson Carachure
|
0-0: Ball 1-0: Called Strike 1-1: Ball 2-1: Ball 3-1: Called Strike 3-2: Fly out, F9 (Flyball, 9D, EV 103.1 MPH)
|
|
Batting: RHB Luis Cabera
|
0-0: Called Strike 0-1: Ground out 6-3 (Groundball, P, EV 83.8 MPH)
|
|
Batting: SHB Pat Justice
|
0-0: SINGLE (Line Drive, 34D, EV 106.2 MPH)
|
|
Batting: RHB Danny Cisneros
|
0-0: Ball Pat Justice steals 2nd base 1-0: Ground out 1-3 (Groundball, 15S, EV 66.9 MPH)
|
| Bottom of the 4th over - 0 runs, 1 hit, 0 errors, 1 left on base; University of Miami 0 - University of Florida 0 |
| TOP OF THE 5TH |
|
University of Miami Hurricanes batting - Pitching for University of Florida Gators : LHP Alexander Collins
|
|
Batting: RHB Alberto Arellano
|
0-0: DOUBLE (Groundball, 5L, EV 101.9 MPH)
|
|
Batting: LHB Addergoole Kartosuwiryo
|
0-0: Called Strike 0-1: Swinging Strike 0-2: Foul Ball, location: 2F 0-2: Ball 1-2: Foul Ball, location: 2F 1-2: Ball 2-2: Ball 3-2: Strikes out swinging
|
|
Batting: RHB Mark Kerr
|
0-0: Called Strike 0-1: Foul Ball, location: 2F 0-2: DOUBLE (Groundball, 5L, EV 97.5 MPH) Alberto Arellano scores
|
|
Batting: LHB Hector Salazar
|
0-0: Ball 1-0: Ball 2-0: Called Strike 2-1: Foul Ball, location: 2F 2-2: Fly out, F7 (Line Drive, 78M, EV 98.1 MPH)
|
|
Batting: RHB Danny Gallardo
|
0-0: Ball 1-0: Foul Ball, location: 2F 1-1: Foul Ball, location: 2F 1-2: Ball 2-2: Ball 3-2: Ground out 3-1 (Groundball, 34S, EV 83.8 MPH)
|
| Top of the 5th over - 1 run, 2 hits, 0 errors, 1 left on base; University of Miami 1 - University of Florida 0 |
| BOTTOM OF THE 5TH |
|
University of Florida Gators batting - Pitching for University of Miami Hurricanes : RHP Javier Valverde
|
|
Batting: LHB Jose Garcia
|
0-0: Foul Ball, location: 2F 0-1: Swinging Strike 0-2: Ball 1-2: Ball 2-2: Strikes out swinging
|
|
Batting: RHB Juan Lopez
|
0-0: Called Strike 0-1: Ball 1-1: Called Strike 1-2: Foul Ball, location: 2F 1-2: Strikes out swinging
|
|
Batting: LHB Juan Cadavid
|
0-0: Ball 1-0: Ball 2-0: Ball 3-0: Called Strike 3-1: SINGLE (Line Drive, 8LS, EV 92.5 MPH)
|
|
Batting: RHB Marco Morales
|
0-0: Ball Juan Cadavid is caught stealing 2nd base 2-4
|
| Bottom of the 5th over - 0 runs, 1 hit, 0 errors, 0 left on base; University of Miami 1 - University of Florida 0 |
| TOP OF THE 6TH |
|
University of Miami Hurricanes batting - Pitching for University of Florida Gators : LHP Alexander Collins
|
|
Batting: RHB Burke Miller
|
0-0: Ball 1-0: Foul Ball, location: 2F 1-1: Swinging Strike 1-2: Ball 2-2: Foul Ball, location: 2F 2-2: Ball 3-2: Foul Ball, location: 2F 3-2: Strikes out swinging
|
|
Pitching: LHP Adhamh Lubis
|
|
|
Batting: RHB Chris Zubia
|
0-0: SOLO HOME RUN (Flyball, 78XD, EV 103.1 MPH), Distance : 428 ft
|
|
Batting: RHB Christian Leschak
|
0-0: Called Strike 0-1: Ball 1-1: Foul Ball, location: 2F 1-2: Ball 2-2: Ball 3-2: Fly out, F7 (Flyball, 7, EV 91.2 MPH)
|
|
Batting: RHB Drew Morgenstern
|
0-0: Foul Ball, location: 2F 0-1: Called Strike 0-2: Ball 1-2: Ball 2-2: Strikes out swinging
|
| Top of the 6th over - 1 run, 1 hit, 0 errors, 0 left on base; University of Miami 2 - University of Florida 0 |
| BOTTOM OF THE 6TH |
|
University of Florida Gators batting - Pitching for University of Miami Hurricanes : RHP Javier Valverde
|
|
Batting: RHB Marco Morales
|
0-0: Ball 1-0: Ball 2-0: Ball 3-0: Called Strike 3-1: Ground out 4-3 (Groundball, 4, EV 85.6 MPH)
|
|
Pitching: RHP Matt Pepin
|
|
|
Batting: RHB Gong-sun Law
|
0-0: Foul Ball, location: 2F 0-1: Ball 1-1: Ball 2-1: Ball 3-1: Base on Balls
|
|
Batting: SHB Nelson Carachure
|
0-0: Ball 1-0: Called Strike 1-1: Ball 2-1: Ball Gong-sun Law is caught stealing 2nd base 2-6 3-1: Ground out 4-3 (Groundball, 34D, EV 91.2 MPH)
|
| Bottom of the 6th over - 0 runs, 0 hits, 0 errors, 0 left on base; University of Miami 2 - University of Florida 0 |
| TOP OF THE 7TH |
|
University of Miami Hurricanes batting - Pitching for University of Florida Gators : LHP Adhamh Lubis
|
|
Batting: RHB Alberto Arellano
|
0-0: Ball 1-0: Swinging Strike 1-1: Foul Ball, location: 2F 1-2: Foul Ball, location: 2F 1-2: Strikes out looking
|
|
Batting: LHB Addergoole Kartosuwiryo
|
0-0: Called Strike 0-1: Ball 1-1: Swinging Strike 1-2: Ball 2-2: Foul Ball, location: 2F 2-2: Foul Ball, location: 2F 2-2: SOLO HOME RUN (Flyball, 9D, EV 103.8 MPH), Distance : 369 ft
|
|
Batting: RHB Mark Kerr
|
0-0: Called Strike 0-1: Ball 1-1: Ground out U3 (Groundball, 34, EV 78.8 MPH)
|
|
Batting: LHB Hector Salazar
|
0-0: Ball 1-0: Foul Ball, location: 2F 1-1: Ball 2-1: Foul Ball, location: 2F 2-2: DOUBLE (Line Drive, 89D, EV 105.6 MPH)
|
|
Pitching: LHP Jorge Guadalupe
|
|
|
Batting: RHB Danny Gallardo
|
0-0: Foul Ball, location: 2F 0-1: Reached on error, E6 (Groundball, 56, EV 78.8 MPH) Hector Salazar to third
|
|
Batting: RHB Burke Miller
|
0-0: Called Strike 0-1: Ball 1-1: Fly out, F8 (Line Drive, 8LD, EV 98.1 MPH)
|
| Top of the 7th over - 1 run, 2 hits, 1 error, 2 left on base; University of Miami 3 - University of Florida 0 |
| BOTTOM OF THE 7TH |
|
University of Florida Gators batting - Pitching for University of Miami Hurricanes : RHP Matt Pepin
|
|
Batting: RHB Luis Cabera
|
0-0: Ground out 4-3 (Groundball, 4, EV 99.4 MPH)
|
|
Batting: SHB Pat Justice
|
0-0: Swinging Strike 0-1: Ball 1-1: Ball 2-1: Called Strike 2-2: Strikes out looking
|
|
Batting: RHB Danny Cisneros
|
0-0: Fly out, F2 (Popup, 23F, EV 88.1 MPH)
|
| Bottom of the 7th over - 0 runs, 0 hits, 0 errors, 0 left on base; University of Miami 3 - University of Florida 0 |
| TOP OF THE 8TH |
|
University of Miami Hurricanes batting - Pitching for University of Florida Gators : LHP Jorge Guadalupe
|
|
Batting: RHB Chris Zubia
|
0-0: Ball 1-0: Called Strike 1-1: Foul Ball, location: 2F 1-2: Ball 2-2: SINGLE (Groundball, 6MD, EV 95.0 MPH)
|
|
Batting: RHB Christian Leschak
|
0-0: Ball 1-0: Ball 2-0: Ball 3-0: Base on Balls Chris Zubia to second
|
|
Batting: RHB Drew Morgenstern
|
0-0: SINGLE (Groundball, 6, EV 103.1 MPH) Chris Zubia to third Christian Leschak to second
|
|
Batting: RHB Alberto Arellano
|
0-0: Foul Ball, location: 2F 0-1: Swinging Strike 0-2: Grounds into fielders choice 3-2 (Groundball, 3S, EV 68.1 MPH) Christian Leschak to third Drew Morgenstern to second
|
|
Batting: LHB Addergoole Kartosuwiryo
|
0-0: Called Strike 0-1: Called Strike 0-2: Strikes out swinging
|
|
Batting: RHB Mark Kerr
|
0-0: Called Strike 0-1: Foul Ball, location: 2F 0-2: Strikes out looking
|
| Top of the 8th over - 0 runs, 2 hits, 0 errors, 3 left on base; University of Miami 3 - University of Florida 0 |
| BOTTOM OF THE 8TH |
|
University of Florida Gators batting - Pitching for University of Miami Hurricanes : RHP Matt Pepin
|
|
Pitching: LHP Ryan Hosken
|
|
|
Pinch Hitting: RHB Elliott Pye
|
0-0: Called Strike 0-1: Ball 1-1: Swinging Strike 1-2: Ball 2-2: Foul Ball, location: 2F 2-2: Ground out 1-3 (Groundball, 13S, EV 67.5 MPH)
|
|
Pitching: RHP Ernie Zepeda
|
|
|
Batting: RHB Juan Lopez
|
0-0: Ball 1-0: Foul Ball, location: 2F 1-1: Ball 2-1: Ball 3-1: Foul Ball, location: 2F 3-2: Foul Ball, location: 2F 3-2: Strikes out swinging
|
|
Batting: LHB Juan Cadavid
|
0-0: Called Strike 0-1: Ball 1-1: Ball 2-1: Ball 3-1: Foul Ball, location: 2F 3-2: Strikes out swinging
|
| Bottom of the 8th over - 0 runs, 0 hits, 0 errors, 0 left on base; University of Miami 3 - University of Florida 0 |
| TOP OF THE 9TH |
|
University of Miami Hurricanes batting - Pitching for University of Florida Gators : LHP Jorge Guadalupe
|
|
Pitching: RHP Dave Ross
|
|
|
Now at 1B: Dave Newsome
|
|
|
Batting: LHB Hector Salazar
|
0-0: Ball 1-0: Ball 2-0: Called Strike 2-1: Ball 3-1: Called Strike 3-2: Strikes out swinging, 2-3 out at first.
|
|
Batting: RHB Danny Gallardo
|
0-0: Ball 1-0: Ball 2-0: Called Strike 2-1: Ball 3-1: Base on Balls
|
|
Batting: RHB Burke Miller
|
0-0: Called Strike 0-1: Ball 1-1: Swinging Strike 1-2: Fly out, F4 (Line Drive, 4, EV 60.6 MPH)
|
|
Batting: RHB Chris Zubia
|
0-0: Ball 1-0: Ball Passed Ball! Danny Gallardo to second 2-0: Foul Ball, location: 2F 2-1: Swinging Strike 2-2: Ball 3-2: Ground out 6-3 (Groundball, 6, EV 86.2 MPH)
|
| Top of the 9th over - 0 runs, 0 hits, 0 errors, 1 left on base; University of Miami 3 - University of Florida 0 |
| BOTTOM OF THE 9TH |
|
University of Florida Gators batting - Pitching for University of Miami Hurricanes : RHP Ernie Zepeda
|
|
Pitching: RHP Chris Moore
|
|
|
Batting: RHB Marco Morales
|
0-0: Called Strike 0-1: Foul Ball, location: 2F 0-2: Ball 1-2: Foul Ball, location: 2F 1-2: Ball 2-2: Ball 3-2: Base on Balls
|
|
Batting: RHB Gong-sun Law
|
0-0: Called Strike 0-1: Ball 1-1: Called Strike 1-2: Strikes out looking
|
|
Batting: SHB Nelson Carachure
|
0-0: Ball 1-0: Ball 2-0: Called Strike 2-1: Called Strike 2-2: Foul Ball, location: 2F 2-2: Foul Ball, location: 2F 2-2: Foul Ball, location: 2F 2-2: Strikes out swinging
|
|
Batting: RHB Luis Cabera
|
0-0: Ball 1-0: DOUBLE (Flyball, 78D, EV 98.1 MPH) Marco Morales to third
|
|
Batting: SHB Pat Justice
|
0-0: Ball 1-0: Reached on error, E5 (Groundball, 25, EV 79.4 MPH) Marco Morales scores Luis Cabera to third
|
|
Pinch Hitting: RHB Robert Mason
|
0-0: Ball 1-0: Ball 2-0: 3-RUN HOME RUN (Flyball, 7D, EV 102.5 MPH), Distance : 386 ft
|
| Bottom of the 9th over - 4 runs, 2 hits, 1 error, 0 left on base; University of Miami 3 - University of Florida 4 |
|